 Dungeon Crawl Stone Soup version 0.28.0-47-ge53b351184 (webtiles) character file.

Game seed: 16663608452414945724

8549 bobregger the Bludgeoner (level 11, -5/225 HPs)
             Began as an Ogre Berserker on Apr 26, 2022.
             Was a Priest of Trog.
             Slain by a five-headed hydra (10 damage)
             ... on level 2 of the Lair of Beasts.
             The game lasted 00:24:18 (15935 turns).

bobregger the Bludgeoner (Ogre Berserker)          Turns: 15935, Time: 00:24:19

Health: -5/225     AC: 25    Str: 29    XL:     11   Next: 32%
Magic:  11/11      EV:  1    Int:  8    God:    Trog [***...]
Gold:   529        SH:  0    Dex: 12    Spells: 10/10 levels left

rFire   . . .      SeeInvis .   A - +3 giant spiked club
rCold   . . .      Faith    .   (shield currently unavailable)
rNeg    . . .      Spirit   .   (armour currently unavailable)
rPois   +          Reflect  .   (helmet currently unavailable)
rElec   .          Harm     .   (cloak currently unavailable)
rCorr   .          Rampage  .   (gloves unavailable)
Will    +++..      NoTele   +   (boots unavailable)
Stlth   ..........              o - amulet of the acrobat
HPRegen 1.47/turn               b - +6 ring of strength
MPRegen 0.12/turn               (no ring)

@: berserking, tree-form, strong-willed, regenerating, hasted, very quick
A: stationary, stasis, torment immunity, boosted hp, large, unfitting armour,
(tough skin 1), (horns 1), sense surroundings 1, (poison resistance), MP-powered
wands
a: Renounce Religion, Berserk, Trog's Hand


You were on level 2 of the Lair of Beasts.
You worshipped Trog.
Trog was most pleased with you.
You were a tree.
You visited 3 branches of the dungeon, and saw 13 of its levels.

You collected 529 gold pieces.

Inventory:

Hand Weapons
 A - a +3 giant spiked club (weapon)
Missiles
 y - 4 throwing nets (quivered)
Armour
 a - a +1 cloak (melded)
 f - a +1 robe of willpower (melded)
Jewellery
 b - a +6 ring of strength (left branch)
 e - an amulet of faith
 o - an amulet of the acrobat (around neck)
 r - a ring of flight
 t - an amulet of reflection
Wands
 d - a wand of flame (11)
 m - a wand of charming (2)
 n - a wand of iceblast (9)
 q - a wand of acid (10)
 v - a wand of mindburst (5)
Scrolls
 c - a scroll of teleportation
 h - 3 scrolls of identify
 p - a scroll of amnesia
 s - a scroll of silence
Potions
 g - 2 potions of resistance
 i - 2 potions of magic
 k - 3 potions of curing
 l - 4 potions of haste
 u - a potion of berserk rage {unknown}
 w - a potion of flight {unknown}
 x - a potion of might {unknown}


   Skills:
 - Level 4.0 Fighting
 + Level 15.8 Maces & Flails
 - Level 2.6 Dodging


You had 10 spell levels left.
You didn't know any spells.
Your spell library was empty.

Dungeon Overview and Level Annotations

Branches:
Dungeon (10/15)            Temple (1/1) D:6            Lair (2/6) D:9
  Swamp: Lair:2-4    Shoals: Lair:2-4     Snake: Lair:2-4    Spider: Lair:2-4
    Orc: D:9-12

Altars:
Trog
Vehumet
Zin
The Shining One

Shops:
D:4 *   D:8 ?


Innate Abilities, Weirdness & Mutations

You are a tree.
Your roots penetrate the ground, keeping you stationary.
You cannot be teleported.
You are immune to unholy pain and torment.
Your maximum health is greatly increased.
Your equipment is partially melded.
You are too large for most types of armour.
((You have tough skin. (AC +1)))
((You have a pair of small horns on your head.))
You passively map a small area around you.
((Your system is resistant to poisons. (rPois)))
You expend magic power (3 MP) to strengthen your wands.


Message History

You fail to use your ability.
The five-headed hydra bites you! The five-headed hydra bites you.
* * * LOW HITPOINT WARNING * * *
The five-headed hydra bites you!
* * * LOW HITPOINT WARNING * * *
The five-headed hydra bites you.
* * * LOW HITPOINT WARNING * * *
The five-headed hydra bites you.
* * * LOW HITPOINT WARNING * * *
Really quaff the potion of lignification? [Y]es or [N]o only, please.
Really quaff the potion of lignification?
You turn into a tree.
Your +1 cloak melds into your body.
Your +1 robe of willpower melds into your body.
You feel less strong-willed.
Your roots penetrate the ground.
The five-headed hydra bites you but does no damage. x2
The five-headed hydra bites you!
* * * LOW HITPOINT WARNING * * *
The five-headed hydra bites you but does no damage. x2
Aiming: Charm
Press: ? - help, Shift-Dir - straight line, f - five-headed hydra
Aim: a five-headed hydra (chance to affect: 20%)
Okay, then.
Throw: 4 throwing nets
Press: ? - help, Q - select action, (/) - cycle Shift-Dir - straight line, f - five-headed hydra
Aim: a five-headed hydra (78% to hit, immune to nets)
Okay, then.
Your skin crawls.
You feel strong-willed.
Unknown command.
You fail to use your ability.
The five-headed hydra bites you.
* * * LOW HITPOINT WARNING * * *
The five-headed hydra bites you but does no damage. x4
The komodo dragon bites you but does no damage.
A red film seems to cover your vision as you go berserk!
You feel yourself moving faster!
You feel mighty!
You can no longer call in reinforcements.
The five-headed hydra bites you but does no damage. x2
The five-headed hydra bites you!
You die...

* , , #...
#...## ##
#....####P## ,
,, #...........
* #...........
, , #.........
, ####...l..#,
, .......♣D.#
..........+
..........P.. ,
..........###.#
, , ...........
, #.P.#.#.##P#
, * * #######.#
## * ###


You could see a five-headed hydra and a komodo dragon.

Vanquished Creatures
  Harold (D:9)
  A two-headed ogre (D:7)
  Joseph (D:8)
  A rime drake (Lair:1)
  Psyche (D:8)
  An unseen horror (D:7)
  2 kobold demonologists (D:9)
  A komodo dragon (Lair:1)
  Grum (D:9)
  12 yaks
  A water moccasin (D:8)
  2 sky beasts
  2 black bears (D:7)
  2 ogres
  5 centaurs
  5 wolves
  4 kobold brigands
  5 bullfrogs
  3 scorpions
  A water moccasin zombie (D:6)
  A wyvern skeleton (D:7)
  A howler monkey (D:5)
  4 centaur zombies
  A bullfrog zombie (D:7)
  2 hounds
  Crazy Yiuf (D:3)
  A gnoll shaman (D:6)
  2 orc priests
  Jessica (D:2)
  2 bullfrog skeletons
  5 iguanas
  8 orc wizards
  A killer bee zombie (D:8)
  A hound zombie (D:5)
  7 gnolls
  10 adders
  2 river rats (D:6)
  2 shadow imps (D:5)
  A white imp (D:6)
  2 adder skeletons
  5 worms
  2 dart slugs
  26 orcs
  7 endoplasms
  4 giant cockroaches
  5 goblins
  9 hobgoblins
  10 jackals
  4 quokkas
  7 ball pythons
  6 bats
  4 frilled lizards
  29 kobolds
  6 rats
231 creatures vanquished.

Vanquished Creatures (others)
  A wolf (D:8)
  A kobold brigand (D:9)
  A kobold (D:9)
  2 fungi
  4 plants (Lair:1)
9 creatures vanquished.

Grand Total: 240 creatures vanquished

Notes
Turn   | Place    | Note
-------+----------+-------------------------------------------
     0 | D:1      | bobregger the Ogre Berserker began the quest for the Orb.
     0 | D:1      | Reached XP level 1. HP: 24/24 MP: 1/1
   148 | D:1      | Reached skill level 3 in Maces & Flails
   303 | D:1      | Reached XP level 2. HP: 28/32 MP: 2/2
  1092 | D:1      | Reached XP level 3. HP: 36/39 MP: 3/3
  1386 | D:2      | Reached ** piety under Trog
  1435 | D:2      | Reached skill level 4 in Maces & Flails
  1542 | D:2      | Reached XP level 4. HP: 48/48 MP: 4/4
  1574 | D:2      | Gained mutation: Your body sometimes deteriorates upon
                  | taking damage. [potion of mutation]
  1574 | D:2      | Gained mutation: You expend magic power (3 MP) to
                  | strengthen your wands. [potion of mutation]
  1574 | D:2      | Gained mutation: You passively map a small area around you.
                  | [potion of mutation]
  1993 | D:2      | Noticed Jessica
  2000 | D:2      | Killed Jessica
  2001 | D:2      | Reached skill level 5 in Maces & Flails
  2001 | D:2      | Reached XP level 5. HP: 44/54 MP: 5/5
  2730 | D:3      | Found a runed translucent door.
  2731 | D:3      | Noticed Crazy Yiuf
  2746 | D:3      | Killed Crazy Yiuf
  2877 | D:3      | Found a bloodstained altar of Trog.
  3598 | D:4      | Found a glowing silver altar of Zin.
  3641 | D:4      | You fall into a shaft and drop 3 floors!
  3641 | D:7      | Noticed a kobold brigand
  3656 | D:6      | Killed a kobold brigand
  3657 | D:6      | Reached skill level 6 in Maces & Flails
  3657 | D:6      | Reached XP level 6. HP: 62/62 MP: 6/6
  3704 | D:5      | Entered Level 5 of the Dungeon
  3720 | D:5      | Lost mutation: You expend magic power (3 MP) to strengthen
                  | your wands. [potion of mutation]
  3720 | D:5      | Lost mutation: Your body sometimes deteriorates upon taking
                  | damage. [potion of mutation]
  3720 | D:5      | Gained mutation: You have hidden genetic potential. [potion
                  | of mutation]
  3720 | D:5      | Gained mutation: You have a pair of small horns on your
                  | head. [potion of mutation]
  4226 | D:4      | Found a radiant altar of Vehumet.
  4354 | D:4      | Found Botry's Neck Hole.
  4808 | D:4      | Reached skill level 7 in Maces & Flails
  4808 | D:4      | Reached XP level 7. HP: 43/70 MP: 7/7
  5816 | D:5      | Gained mutation: Your system is resistant to poisons.
                  | (rPois) [hidden potential]
  5983 | D:5      | Reached skill level 8 in Maces & Flails
  6191 | D:5      | Reached XP level 8. HP: 78/78 MP: 8/8
  6333 | D:6      | Gained mutation: You expend magic power (3 MP) to
                  | strengthen your wands. [hidden potential]
  6333 | D:6      | Lost mutation: You have hidden genetic potential. [hidden
                  | potential expressed]
  6351 | D:6      | Reached *** piety under Trog
  6445 | D:6      | Reached skill level 9 in Maces & Flails
  6502 | D:6      | Found a staircase to the Ecumenical Temple.
  6573 | Temple   | Entered the Ecumenical Temple
  7117 | D:6      | Reached skill level 10 in Maces & Flails
  7604 | D:7      | Noticed a two-headed ogre
  7660 | D:7      | Killed a two-headed ogre
  7661 | D:7      | Reached skill level 11 in Maces & Flails
  7661 | D:7      | Reached XP level 9. HP: 32/84 MP: 9/9
  8185 | D:7      | Found a glowing golden altar of the Shining One.
  9292 | D:7      | Reached skill level 12 in Maces & Flails
  9572 | D:7      | Killed an unseen horror
 10109 | D:8      | Reached **** piety under Trog
 10473 | D:8      | Noticed Psyche
 10480 | D:8      | Killed Psyche
 10481 | D:8      | Reached XP level 10. HP: 92/92 MP: 10/10
 10569 | D:8      | Reached skill level 13 in Maces & Flails
 11195 | D:8      | Found Istiessa's Magic Scroll Shoppe.
 11333 | D:8      | Noticed Joseph
 11342 | D:8      | Killed Joseph
 12571 | D:9      | Noticed Grum
 12866 | D:9      | Killed Grum
 13141 | D:9      | Noticed a kobold demonologist
 13146 | D:9      | Noticed a kobold demonologist
 13150 | D:9      | Killed a kobold demonologist
 13154 | D:9      | Noticed a rust devil
 13165 | D:9      | Killed a kobold demonologist
 13166 | D:9      | Reached skill level 14 in Maces & Flails
 13296 | D:9      | Found a staircase to the Lair.
 13406 | D:9      | Noticed Harold
 13413 | D:9      | Killed Harold
 14138 | D:10     | Entered Level 10 of the Dungeon
 14644 | D:10     | Reached skill level 15 in Maces & Flails
 14644 | D:10     | Reached XP level 11. HP: 90/100 MP: 11/11
 15430 | Lair:1   | Entered Level 1 of the Lair of Beasts
 15928 | Lair:2   | Noticed a five-headed hydra
 15932 | Lair:2   | HP: 6/150 [five-headed hydra (10)]
 15935 | Lair:2   | Slain by a five-headed hydra

Illustrated notes

Levels and vault maps discovered:
D:1:      kilobyte_arrival_exit_the_forest, layout_rooms
D:2:      layout_loops_ring, minmay_vboxes, uniq_jessica
D:3:      layout_basic, bloody_trog, uniq_crazy_yiuf_cottage
D:4:      layout_layer_cave, mainiacjoe_overflow_boulevard,
          mainiacjoe_overflow_concentric_impassable,
          nicolae_shop_sticking_my_neck_out
D:5:      minmay_skewed_foursquare, layout_basic, corexii_corridor_pit
D:6:      layout_basic, minmay_temple_entry_drinking_statues,
          lightli_sewer_entry_pipes
D:7:      statuecave_lemuel, layout_loops_ring, tso_metal_star
D:8:      layout_basic, nicolae_take_the_stairs, minivault_26, uniq_psyche,
          uniq_joseph
D:9:      layout_basic, lair_entry_dummy, chequers_avenue,
          palyth_stone_intersect, uniq_harold, uniq_grum
D:10:     layout_irregular_city
Temple:   dpeg_five_rooms_temple
Lair:1:   layout_chaotic_city, grunt_forest_stairs_basic,
          chequers_serial_rivers_micro_a, grunt_forest_large_clearing_hut
Lair:2:   layout_chaotic_city, swamp_mist, wad_woods_03

Skill      XL: |  1  2  3  4  5  6  7  8  9 10 |
---------------+-------------------------------+-----
Maces & Flails | 3 4 5 6 7 8 11 12 15 | 15.8
Fighting       | |  4.0
Dodging        | |  2.6

Action                   |  1- 3 |  4- 6 |  7- 9 | 10-12 || total
-------------------------+-------+-------+-------+-------++-------
Melee: Mace              |    97 |   197 |   186 |       ||   480
       Punch             |     2 |     2 |     1 |       ||     5
       Headbutt          |       |    10 |    46 |    25 ||    81
       Giant spiked club |       |       |    97 |   163 ||   260
Invok: Berserk           |     2 |     4 |    10 |     8 ||    24
       Trog's Hand       |       |     3 |       |     1 ||     4
Evoke: Wand              |       |       |       |     7 ||     7
  Use: Potion            |       |    10 |     3 |     7 ||    20
       Scroll            |       |     3 |    14 |     4 ||    21
 Stab: Sleeping          |       |     1 |       |       ||     1
       Invisible         |       |       |       |     4 ||     4
Armor: Animal skin       |    30 |    84 |   116 |       ||   230
       Robe              |       |       |       |    77 ||    77
       Skin              |       |       |       |    31 ||    31
Dodge: Dodged            |    66 |   113 |   197 |   189 ||   565
